 Dungeon Crawl Stone Soup version 0.30-b1-2-g02819fbbbe (webtiles) character file.

Game seed: 8300483242297979105

53823 raph the Warrior (level 14, -5/140 HPs)
             Began as a Minotaur Berserker on May 12, 2023.
             Was an Elder of Trog.
             Slain by a tyrant leech (8 damage)
             ... on level 5 of the Lair of Beasts.
             The game lasted 00:25:03 (18572 turns).

raph the Warrior (Minotaur Berserker)              Turns: 18572, Time: 00:25:04

Health: -5/140     AC: 26    Str: 22    XL:     14   Next: 32%
Magic:  13/13      EV: 14    Int:  4    God:    Trog [****..]
Gold:   816        SH:  0    Dex: 15    Spells: 13/13 levels left

rFire   . . .        V - +5 bardiche (flame)
rCold   + . .        (shield currently unavailable)
rNeg    . . .        G - +3 chain mail {rC+}
rPois   .            x - +0 hat {Will+}
rElec   .            P - +0 cloak
rCorr   .            z - +2 pair of gloves
SInv    +            p - +0 pair of boots
Will    ++...        h - amulet of regeneration Stlth
                     w - +4 ring of protection
HPRegen 1.23/turn    C - ring of see invisible
MPRegen 0.13/turn

%: no passive effects
@: lethally poisoned (-5 -> -5), slowed, very slow
A: horns 2, retaliatory headbutt
a: Renounce Religion, Berserk, Trog's Hand, Brothers in Arms


You were on level 5 of the Lair of Beasts.
You worshipped Trog.
Trog was greatly pleased with you.
You visited 2 branches of the dungeon, and saw 16 of its levels.

You collected 1045 gold pieces.
You spent 229 gold pieces at shops.

Inventory:

Hand Weapons
 a - a +4 spear of venom
 b - a +1 sling of electrocution
 y - a +3 spear of freezing
 V - a +5 bardiche of flaming (weapon)
Missiles
 i - 8 javelins (quivered)
 q - 21 poisoned darts
 r - 16 boomerangs
Armour
 o - a +0 buckler
 p - a +0 pair of boots (worn)
 x - a +0 hat of willpower (worn)
 z - a +2 pair of gloves (worn)
 G - a +3 chain mail of cold resistance (worn)
 P - a +0 cloak (worn)
Jewellery
 h - an amulet of regeneration (around neck)
 n - a +6 ring of dexterity
 w - a +4 ring of protection (left hand)
 C - a ring of see invisible (right hand)
 I - an amulet of guardian spirit
 K - a ring of ice
 L - a ring of protection from fire
 N - a ring of flight
Wands
 u - a wand of roots (19)
 D - a wand of charming (13)
 E - a wand of digging (1)
 F - a wand of quicksilver (16)
 J - a wand of flame (20)
Scrolls
 A - 2 scrolls of teleportation
 U - a scroll of immolation
 W - a scroll of poison
Potions
 c - 5 potions of might
 d - 4 potions of haste
 g - 2 potions of berserk rage
 j - 3 potions of invisibility
 k - 2 potions of attraction
 m - 8 potions of curing
 s - a potion of flight
 t - 2 potions of cancellation
 v - 2 potions of lignification
 B - a potion of resistance {unknown}
 O - 2 potions of mutation {unknown}
 T - a potion of ambrosia {unknown}
 Y - a potion of heal wounds
Miscellaneous
 Q - a lightning rod (4/4)


   Skills:
 - Level 17.5 Fighting
 + Level 15.4 Polearms
 - Level 13.4 Armour
 - Level 12.4 Dodging
 - Level 6.2 Shields
 - Level 1.1 Evocations


You had 13 spell levels left.
You didn't know any spells.
Your spell library was empty.

Dungeon Overview and Level Annotations

Branches:
Dungeon (11/15)            Temple (0/1) D:6            Lair (5/5) D:11
  Swamp (0/4) Lair:2        Snake (0/4) Lair:3          Orc (0/2) D:11
  Slime: Lair:4-5

Altars:
Ashenzari
Cheibriados
Dithmenos
Gozag
Hepliaklqana
Nemelex Xobeh
Okawaru
Qazlal
Ru
Trog
Uskayaw
Vehumet
Wu Jian
Yredelemnul
The Shining One

Shops:
D:6 *   D:8 =   D:11 [

Annotations:
Lair:5 1 runed translucent door


Innate Abilities, Weirdness & Mutations

You have a pair of horns on your head.
You reflexively headbutt those who attack you in melee.


Message History

The hornet is severely wounded.
You feel very sick. The hornet misses you.
The lindwurm bites you but does no damage.
The lindwurm closely misses you. The lindwurm barely misses you.
The hornet misses you.
The tyrant leech bites you but does no damage.
The lindwurm bites you!
The lindwurm claws you but does no damage. x2
You barely miss the hornet. You headbutt the hornet!
The hornet is almost dead.
You feel yourself speed up.
You feel very sick.
The hornet stings you but does no damage.
The hornet closely misses you. The lindwurm breathes flames at you.
The blast of flame hits you!!!
* * * LOW HITPOINT WARNING * * *
The tyrant leech closely misses you. You furiously retaliate!
You headbutt the tyrant leech! The hornet stings you.
* * * LOW HITPOINT WARNING * * *
You feel yourself slow down. The lindwurm breathes flames at you.
The blast of flame misses you.
The tyrant leech bites you but does no damage.
You are too injured to fight recklessly!
You are too injured to fight recklessly!
You are too injured to fight recklessly!
You are too injured to fight recklessly!
You are too injured to fight recklessly!
You are too injured to fight recklessly!
You hit the lindwurm but do no damage. You headbutt the lindwurm!
The lindwurm is heavily wounded.
You feel sick. The hornet stings you!
* * * LOW HITPOINT WARNING * * *
You feel as though you will be slow longer.
The hornet closely misses you. The lindwurm bites you!
* * * LOW HITPOINT WARNING * * *
The lindwurm closely misses you. x2; The tyrant leech bites you!
You die...

#### ####.P.###
....##
##........###
[...###....#.#....#
#..#.....#####.†.#
###.....### #.##..
###.....#.# ###..P
#.#.P....#.##
###...#
##.......#.##
#...###
#......P@#### ##..#
...##.#kwy# ##..##
. ##.#...# #...#
##.#..P. #..##### #
..P.. ##.P...#
.../## ##...#.
..... #......
.....# #...P..
###P...


You could see a tyrant leech, a lindwurm and a hornet.

Vanquished Creatures
  Gastronok (Lair:3)
  Fannar (D:10)
  A hydra (Lair:3)
  A centaur warrior (D:11)
  A boulder beetle (D:11)
  A catoblepas (Lair:1)
  14 death yaks
  Nergalle (Lair:2)
  4 skysharks
  2 bog bodies (Lair:2)
  A wolf spider (Lair:5)
  A salamander (Lair:3)
  15 elephants
  3 cyclopes (D:11)
  9 black mambas
  A guardian serpent (Lair:5)
  Maurice (D:11)
  3 torpor snails (Lair:5)
  An unseen horror (D:11)
  11 cane toads
  3 rime drakes
  2 komodo dragons
  5 trolls
  2 polar bears
  4 blink frogs
  Prince Ribbit (D:8)
  7 hornets
  6 dream sheep (Lair:3)
  5 slime creatures (D:9)
  A wraith (D:11)
  3 shadows (D:11)
  21 yaks
  5 basilisks
  10 wyverns
  3 redbacks (Lair:5)
  Menkaure (D:7)
  A vampire mosquito (D:11)
  15 water moccasins
  4 orc warriors
  Duvessa (D:6)
  A sky beast (D:8)
  6 ice beasts (D:11)
  A black bear (D:7)
  2 ogres (D:5)
  24 wolves
  3 centaurs
  A kobold brigand (D:10)
  Blork the orc (D:5)
  18 bullfrogs
  6 scorpions
  A gnoll sergeant (D:11)
  6 wights
  Dowan (D:6)
  4 killer bees
  6 electric eels (D:10)
  8 howler monkeys
  4 hounds
  2 lava snakes (Lair:3)
  6 orc priests
  A gnoll bouda (D:9)
  A jelly (D:4)
  An iron imp (D:7)
  Jessica (D:3)
  2 iguanas (D:5)
  A sleepcap (D:6)
  16 orc wizards
  9 gnolls
  6 adders
  A shadow imp (D:7)
  2 white imps
  2 ufetubi (D:6)
  A worm (D:2)
  31 orcs
  8 bats
  6 endoplasms
  5 giant cockroaches
  2 goblins
  6 hobgoblins
  7 jackals
  3 quokkas
  8 ball pythons
  8 frilled lizards
  11 kobolds
  7 rats
420 creatures vanquished.

Vanquished Creatures (collateral kills)
  A centaur warrior (D:11)
  A freezing wraith (D:11)
2 creatures vanquished.

Vanquished Creatures (others)
  A vampire (D:11)
  A gnoll (D:11)
  A bush (Lair:1)
  34 fungi
  125 plants
162 creatures vanquished.

Grand Total: 584 creatures vanquished

Notes
Turn   | Place    | Note
-------+----------+-------------------------------------------
     0 | D:1      | raph the Minotaur Berserker began the quest for the Orb.
     0 | D:1      | Reached XP level 1. HP: 19/19 MP: 0/0
    30 | D:1      | Reached XP level 2. HP: 10/26 MP: 1/1
   359 | D:1      | Reached skill level 5 in Polearms
   666 | D:2      | Reached XP level 3. HP: 31/31 MP: 2/2
  1025 | D:2      | Reached ** piety under Trog
  1286 | D:3      | Reached XP level 4. HP: 39/39 MP: 3/3
  1544 | D:3      | Found a hide-covered altar of Uskayaw.
  1682 | D:3      | Noticed Jessica
  1685 | D:3      | Killed Jessica
  2067 | D:3      | Found a faded altar of an unknown god.
  2156 | D:4      | Reached XP level 5. HP: 45/45 MP: 4/4
  2312 | D:4      | Found an ornate altar of the Wu Jian Council.
  2687 | D:4      | Reached *** piety under Trog
  2913 | D:4      | Found a glowing golden altar of the Shining One.
  3016 | D:4      | Reached XP level 6. HP: 44/51 MP: 5/5
  3194 | D:5      | Entered Level 5 of the Dungeon
  3303 | D:5      | Noticed Blork the orc
  3312 | D:5      | Killed Blork the orc
  3368 | D:5      | Reached XP level 7. HP: 57/57 MP: 6/6
  3550 | D:5      | Reached skill level 10 in Polearms
  3582 | D:5      | Identified the +5 dagger "Egg" {freeze, Will+ Int+2}
  3867 | D:6      | Found Ea-nāṣir's Fine Metal Goods.
  3871 | D:6      | Bought a kite shield for 112 gold pieces
  3960 | D:6      | Found a stormy altar of Qazlal.
  3989 | D:6      | Reached XP level 8. HP: 43/64 MP: 7/7
  4287 | D:6      | Found a staircase to the Ecumenical Temple.
  4543 | D:6      | Found a sacrificial altar of Ru.
  4705 | D:6      | Reached skill level 4 in Fighting
  4935 | D:6      | Noticed Duvessa
  4936 | D:6      | Noticed Dowan
  4943 | D:6      | Killed Duvessa
  4946 | D:6      | Killed Dowan
  5171 | D:7      | Reached skill level 5 in Fighting
  5422 | D:7      | Found an opulent altar of Gozag.
  5636 | D:7      | Noticed a hornet
  5641 | D:7      | Killed a hornet
  5807 | D:7      | Found a snail-covered altar of Cheibriados.
  6007 | D:7      | Reached skill level 5 in Armour
  6024 | D:7      | Reached XP level 9. HP: 75/75 MP: 8/8
  6112 | D:7      | Noticed Menkaure
  6120 | D:7      | Killed Menkaure
  6121 | D:7      | Reached skill level 6 in Fighting
  6419 | D:7      | Reached skill level 5 in Dodging
  6839 | D:8      | Noticed Prince Ribbit
  6858 | D:8      | Killed Prince Ribbit
  6859 | D:8      | Reached skill level 7 in Fighting
  6974 | D:8      | Found Wipsi's One-of-a-Kind Rings.
  7086 | D:8      | Reached **** piety under Trog
  7390 | D:8      | Found a basalt altar of Yredelemnul.
  7602 | D:9      | Reached skill level 8 in Fighting
  7634 | D:9      | Noticed a troll
  7656 | D:9      | Killed a troll
  7781 | D:9      | Reached XP level 10. HP: 83/90 MP: 9/9
  7815 | D:9      | Reached skill level 9 in Fighting
  8166 | D:9      | Found a broken altar of Ashenzari.
  8387 | D:9      | Reached skill level 10 in Fighting
  8585 | D:10     | Entered Level 10 of the Dungeon
  8591 | D:10     | Found a hazy altar of Hepliaklqana.
  8631 | D:10     | Found an iron altar of Okawaru.
  8631 | D:10     | Found a bloodstained altar of Trog.
  8659 | D:10     | Noticed Fannar
  8672 | D:10     | Killed Fannar
  8818 | D:10     | Found a radiant altar of Vehumet.
  8899 | D:10     | Reached skill level 11 in Fighting
  9186 | D:10     | Found a sparkling altar of Nemelex Xobeh.
  9453 | D:10     | Found a shadowy altar of Dithmenos.
  9748 | D:11     | Noticed a centaur warrior
 10043 | D:11     | Noticed a cyclops
 10053 | D:11     | Killed a cyclops
 10054 | D:11     | Reached XP level 11. HP: 97/102 MP: 10/10
 10122 | D:11     | Killed a centaur warrior
 10192 | D:11     | Found Zumimpir's Antique Armour Emporium.
 10200 | D:11     | Bought a pair of boots for 117 gold pieces
 10203 | D:11     | Reached skill level 12 in Fighting
 10266 | D:11     | Found a staircase to the Lair.
 10294 | D:11     | Reached skill level 10 in Armour
 10317 | D:11     | Found a staircase to the Orcish Mines.
 10402 | D:11     | Noticed Maurice
 10415 | D:11     | Killed Maurice
 10730 | D:11     | Reached skill level 13 in Fighting
 10841 | D:11     | Noticed a boulder beetle
 10908 | D:11     | Killed a boulder beetle
 10909 | D:11     | Reached skill level 10 in Dodging
 11061 | D:11     | Noticed a centaur warrior
 11064 | D:11     | Noticed an eight-headed hydra
 11064 | D:11     | Noticed a deep elf pyromancer
 11067 | D:11     | Identified the ring of Dithmenos's Hope {rN+ Int+2}
 11067 | D:11     | Noticed an orc knight
 11067 | D:11     | Noticed a centaur warrior
 11282 | D:11     | HP: 4/108 [freezing wraith (4)]
 11293 | D:11     | Killed a centaur warrior
 11377 | Lair:1   | Entered Level 1 of the Lair of Beasts
 11407 | Lair:1   | Reached skill level 14 in Fighting
 11470 | Lair:1   | Identified the +4 war axe "Losoiqot" {freeze, Int+2}
 11503 | Lair:1   | Reached XP level 12. HP: 117/117 MP: 11/11
 11567 | Lair:1   | Noticed a death yak
 11571 | Lair:1   | Noticed a death yak
 11604 | Lair:1   | Killed a death yak
 11605 | Lair:1   | Reached skill level 1 in Shields
 11624 | Lair:1   | Killed a death yak
 11781 | Lair:1   | Noticed a death yak
 11796 | Lair:1   | Noticed a death yak
 11800 | Lair:1   | Noticed a death yak
 11812 | Lair:1   | Killed a death yak
 11833 | Lair:1   | Killed a death yak
 11854 | Lair:1   | Killed a death yak
 11859 | Lair:1   | Reached skill level 15 in Fighting
 12325 | Lair:1   | Noticed a catoblepas
 12347 | Lair:1   | Killed a catoblepas
 12696 | Lair:2   | Found a staircase to the Swamp.
 12717 | Lair:2   | Reached ***** piety under Trog
 12844 | Lair:2   | Reached skill level 5 in Shields
 12988 | Lair:2   | Reached skill level 16 in Fighting
 13005 | Lair:2   | Reached XP level 13. HP: 124/128 MP: 12/12
 13041 | Lair:2   | Noticed Nergalle
 13051 | Lair:2   | Killed Nergalle
 13481 | Lair:3   | Noticed Gastronok
 14016 | Lair:3   | Killed Gastronok
 14423 | Lair:3   | Reached skill level 17 in Fighting
 15078 | Lair:3   | Found a staircase to the Snake Pit.
 16203 | Lair:4   | Reached skill level 1 in Evocations
 16247 | Lair:4   | Received a gift from Trog
 17135 | Lair:4   | Reached XP level 14. HP: 140/140 MP: 13/13
 17659 | Lair:5   | Entered Level 5 of the Lair of Beasts
 18261 | Lair:5   | Reached skill level 15 in Polearms
 18529 | Lair:5   | Found a runed translucent door.
 18572 | Lair:5   | HP: 3/140 [lindwurm (9)]
 18572 | Lair:5   | Slain by a tyrant leech

Illustrated notes

Levels and vault maps discovered:
D:1:      minmay_arrival_checkered_box, layout_rooms, serial_corexii_hall,
          chequers_hall_statues_corner_a, chequers_hall_statues_corner_a
D:2:      layout_loops_cross, minmay_bisected
D:3:      layout_basic, mainiacjoe_overflow_boulevard,
          hellmonk_ecumenical_altar_leap_of_faith, grunt_decor_mini_mirrors,
          uniq_jessica
D:4:      layout_layer_cave, mainiacjoe_overflow_brackets,
          nicolae_tso_swordbearing_angel, minmay_misc_feat_four_crosses
D:5:      layout_rooms, uniq_blork_the_orc
D:6:      layout_basic, lemuel_round_altar, nicolae_ru_path_of_blood,
          minmay_temple_entry_sparse_star, nicolae_ea-nasir_strikes_again,
          uniq_duvessa
D:7:      layout_loops_ring, nicolae_gozag_seed_capital, slow_altar_1,
          uniq_menkaure
D:8:      layout_gridville, mainiacjoe_overflow_six_doors_small,
          nicolae_shop_unique_rings, uniq_prince_ribbit1
D:9:      layout_basic, mainiacjoe_overflow_concentric_impassable
D:10:     layout_loops_ring, grunt_temple_overflow_bloody_war,
          overflow_temple_1_default, nicolae_vehumet_altar_sigil,
          mainiacjoe_overflow_cross_hatched, lemuel_crystal_altar,
          serial_bayou_lake_a, uniq_fannar
D:11:     minmay_the_grid_triangle_9x9_line_8_mashed
          [minmay_the_grid_triangle_9x9_longest,
          minmay_the_grid_triangle_9x9_descending_squares,
          minmay_the_grid_triangle_9x9_sparse_checkered,
          minmay_the_grid_triangle_9x9_windchime,
          minmay_the_grid_triangle_9x9_swiss_cheese,
          minmay_the_grid_triangle_9x9_sprig,
          minmay_the_grid_triangle_9x9_negative_grid,
          minmay_the_grid_triangle_9x9_prize_special], layout_grid_maze,
          hellmonk_lair_entry_icy, serial_shops, shop, uniq_maurice
Lair:1:   layout_chaotic_city, minivault_23, serial_bayou_shore_b,
          grunt_megastairs_3
Lair:2:   layout_cave_shapes, skrybe_swamp_entry_bodies, uniq_nergalle
Lair:3:   wad_woods_pond, layout_layer_cave, nicolae_snake_entry_warm_welcome,
          uniq_gastronok
Lair:4:   layout_cave_pods, serial_bayou_shore_a
Lair:5:   wormcave, layout_long_grid, hangedman_lair_tendril_chambers,
          nicolae_slime_entry_field_trip, st_stairs_10

Skill      XL: |  1  2  3  4  5  6  7  8  9 10 11 12 13 14 |
---------------+-------------------------------------------+-----
Polearms       | 4 5 7 8 9 11 12 13 15 | 15.4
Fighting       | 5 8 11 14 16 17 | 17.5
Armour         | 5 7 9 11 12 13 | 13.4
Dodging        | 4 7 8 10 11 12 | 12.4
Shields        | 5 6 |  6.2
Evocations     | 1 |  1.1

Action                     |  1- 3 |  4- 6 |  7- 9 | 10-12 | 13-15 || total
---------------------------+-------+-------+-------+-------+-------++-------
  Melee: Spear             |    98 |   118 |   295 |   841 |   331 ||  1683
         Headbutt          |    15 |    16 |    54 |   229 |   130 ||   444
         Punch             |     1 |       |     5 |     5 |       ||    11
         Bardiche          |       |       |       |       |   153 ||   153
  Throw: Javelin           |       |       |       |    10 |       ||    10
 Invoke: Berserk           |     2 |     1 |     8 |     8 |    10 ||    29
         Trog's Hand       |       |       |     1 |     5 |     3 ||     9
         Brothers in Arms  |       |       |       |     1 |       ||     1
    Use: Scroll            |     3 |     6 |     8 |     9 |     5 ||    31
         Potion            |       |       |       |     4 |     1 ||     5
 Armour: Chain mail        |    21 |    32 |    82 |   264 |   244 ||   643
  Dodge: Dodged            |    20 |    28 |    60 |   227 |   298 ||   633
  Block: Buckler           |       |       |       |    29 |    39 ||    68
